Map: Turbo Cruise '84 LE

Players

Elazer - Winner!

  • Race: Zerg Zerg
  • Spawn Location: 3:00

goblin

  • Race: Protoss Protoss
  • Spawn Location: 7:00

Event: 2019 WCS Summer

VOD

Have the link to the VOD?

Description

Time

  • Played on: July 12, 2019, 3:31 p.m.
  • Length: 9:31

All games in this series

Show
View Real Time Build Order
Export as new Build Order

Elazer Zerg - Winner!

Build Orders: Hatch First 

Get SALT Encoding   

  12  0:00  Drone  
  13  0:12  Overlord  
  13  0:17  Drone  
  14  0:30  Drone x2  
  16  0:48  Hatchery  
  15  0:52  Drone  
  15  0:55  Drone  
  17  0:58  Drone  
  18  1:10  Extractor  
  17  1:14  Spawning Pool  
  17  1:17  Drone  
  17  1:20  Drone  
  18  1:28  Drone  
  19  1:38  Drone  
  20  1:49  Drone  
  21  2:00  Queen x2  
  21  2:01  Zergling x2, Overlord  
  26  2:10  Drone  
  26  2:11  Drone  
  28  2:22  Drone x2  
  30  2:32  Drone  
  30  2:33  Drone, Hatchery  
  31  2:41  Queen  
  33  2:48  Metabolic Boost  
  33  2:52  Overlord  
  33  2:54  Drone  
  33  2:56  Drone  
  35  2:58  Drone  
  36  3:11  Drone x5  
  36  3:12  Drone  
  42  3:17  Overlord  
  42  3:23  Lair  
  42  3:26  Drone x2  
  44  3:30  Extractor  
  44  3:31  Drone  
  44  3:35  Drone x2  
  46  3:42  Queen  
  46  3:43  Drone x2  
  46  3:45  Drone, Extractor  
  46  3:46  Drone  
  51  3:49  Drone  
  51  3:53  Roach Warren  
  51  3:55  Drone  
  52  3:57  Overlord  
  52  4:00  Zergling x2  
  54  4:03  Zergling x6  
  54  4:09  Zergling x2, Spine Crawler  
  57  4:10  Zergling x2  
  57  4:15  Overlord  
  58  4:17  Overlord  
  58  4:23  Zergling x8  
  61  4:27  Zergling x6  
  64  4:32  Zergling x2  
  64  4:38  Zergling x4  
  65  4:43  Roach x4  
  73  4:47  Roach x2  
  73  4:50  Roach  
  79  4:54  Roach  
  79  4:59  Roach  
  82  5:01  Overlord  
  82  5:02  Overlord  
  82  5:05  Spine Crawler  
  81  5:08  Ravager  
  81  5:11  Overlord  
  82  5:14  Overlord  
  76  5:22  Roach x5  
  76  5:26  Roach  
  77  5:30  Roach  
  77  5:31  Roach  
  79  5:37  Roach  
  79  5:38  Ravager  
  82  5:44  Roach  
  82  5:45  Roach x2  
  82  5:52  Roach x2  
  82  5:55  Queen x2, Roach  
  85  6:02  Zergling x4  
  85  6:07  Zergling x2  
  85  6:08  Ravager  
  87  6:13  Zergling x4  
  87  6:17  Queen  
  91  6:19  Zergling x2  
  91  6:22  Ravager  
  93  6:26  Zergling x6  
  93  6:31  Queen  
  98  6:33  Ravager  
  98  6:35  Zergling x4  
  101  6:45  Zergling x6  
  96  6:51  Roach  
  91  6:59  Roach x3  
  87  7:03  Queen x2  
  87  7:07  Queen  
  85  7:09  Roach x3  
  85  7:10  Zergling x4  
  85  7:12  Zergling x2  
  91  7:16  Zergling x2  
  92  7:23  Zergling x6, Glial Reconstitution  
  95  7:31  Overlord  
  95  7:37  Overlord  
  95  7:39  Drone  
  95  7:41  Drone  
  95  7:43  Drone x2  
  99  7:50  Overlord  
  98  7:51  Drone x5  
  98  7:56  Overlord  
  100  8:06  Roach x5  
  100  8:07  Roach  
  108  8:14  Roach x2  
  108  8:19  Roach x3  
  113  8:21  Roach  
  113  8:24  Roach  
  97  8:35  Roach x2  
  95  8:43  Roach  
  95  8:44  Zergling x10, Roach  
  97  8:50  Zergling x12  
  103  9:02  Drone x3, Overlord  
  106  9:07  Zergling x4  
  107  9:11  Ravager  
  107  9:12  Hatchery, Overlord  
  107  9:14  Drone x2  
Show
View Real Time Build Order
Export as new Build Order

goblin Protoss 

Build Orders: 1 Gate Expand 

Get SALT Encoding   

  12  0:00  Probe  
  13  0:12  Probe  
  14  0:18  Pylon  
  14  0:24  Probe  
  15  0:32  Probe  
  15  0:38  Gateway  
  15  0:40  Probe  
  16  0:47  Assimilator  
  17  0:51  Probe  
  18  1:03  Probe  
  19  1:19  Nexus  
  19  1:22  Probe  
  20  1:32  Cybernetics Core  
  20  1:35  Probe  
  21  1:41  Assimilator  
  21  1:48  Probe  
  21  1:50  Pylon  
  22  1:58  Probe  
  22  1:59  Stalker  
  23  2:06  Probe  
  23  2:14  Probe, Robotics Facility  
  26  2:22  Warp Gate  
  27  2:26  Probe  
  27  2:29  Probe  
  28  2:30  Adept  
  31  2:37  Probe  
  31  2:38  Probe  
  33  2:50  Probe  
  34  2:51  Probe  
  34  2:52  Immortal  
  39  3:07  Gateway  
  40  3:18  Gateway  
  40  3:22  Warp Prism  
  40  3:28  Gateway  
  42  3:34  Gateway  
  42  3:39  Gateway  
  42  3:44  Gateway  
  42  3:46  Probe  
  42  3:48  Pylon  
  42  3:58  Pylon  
  42  4:05  Pylon  
  42  4:24  Stalker x4  
  42  4:29  Probe  
  42  4:30  Probe  
  52  4:43  Pylon  
  52  4:44  Zealot x3  
  58  4:47  Stalker  
  58  4:48  Stalker, Zealot x2  
  66  5:06  Gateway  
  66  5:07  Pylon  
  66  5:09  Zealot  
  66  5:10  Stalker, Zealot x2  
  56  5:35  Zealot x2  
  56  5:36  Zealot x5  
  56  5:59  Stalker x2, Zealot  
  56  6:00  Zealot x3  
  68  6:08  Zealot x2  
  68  6:10  Pylon  
  72  6:17  Zealot x2  
  76  6:23  Zealot x4  
  84  6:29  Stalker  
  84  6:31  Zealot  
  76  6:51  Zealot x2  
  76  6:52  Zealot x4  
  76  6:53  Immortal  
  54  7:13  Probe x2  
  56  7:23  Adept  
  56  7:24  Adept  
  60  7:30  Adept  
  62  7:40  Immortal  
  62  7:48  Zealot x3  
  62  7:49  Zealot x3  
  78  7:55  Cybernetics Core  
  78  8:08  Zealot x3  
  78  8:09  Zealot x4  
  58  8:30  Probe x2  
  58  8:34  Immortal  
  53  8:38  Probe x2  
  41  8:46  Probe  
  39  8:49  Probe  
  41  8:59  Probe  
  41  9:01  Probe  
Tags
 
Add a new tag
Caveats
  • Supply blocks, unpowered buildings, or Contaminate may cause inaccurate times.
  • Supply counts are checked every 10 seconds.